Maple Leafs vs Devils

Created - 31 mars 2022 at 16:23

Goals
1 2 3 T
Maple Leafs 2 0 0 2
Devils 0 1 2 3
Shots
1 2 3 T
Maple Leafs 5 10 5 20
Devils 15 11 19 45

GoalsPenalties
1st period
1. Maple Leafs , Dougie Hamilton 14 (Brendan Gallagher 27, Noel Acciari 21) at 0:07
2. Maple Leafs , Erik Karlsson 15 (Max Domi 24, Jake Evans 17) at 3:59
Marcus Pettersson (TOR) for Tripping (Minor) at 9:41
2nd period
3. Devils , Josh Anderson 18 (Rickard Rakell 34, Charlie McAvoy 54) at 4:58 (PP)
Patrik Laine (TOR) for Hooking (Minor) at 4:30
3rd period
4. Devils , Adrian Kempe 19 (Jason Spezza 37) at 3:38
5. Devils , Michael Del Zotto 8 (Mason Appleton 16, Johnny Boychuk 26) at 8:41 (PP)
Alexander Radulov (TOR) for Hooking (Minor) at 8:15
Jaccob Slavin (TOR) for Roughing (Double Minor) at 9:52
Jake Evans (TOR) for Roughing (Minor) at 10:05
Goalie Stats
Juuse Saros (TOR), 42 saves from 45 shots - (0,933), L, 27-23-8, 59:53 minutes
Braden Holtby (NJD), 18 saves from 20 shots - (0,900), W, 19-23-2, 60:00 minutes
3 StarsOfficial
1 - Dougie Hamilton (TOR)
2 - Josh Anderson (NJD)
3 - Juuse Saros (TOR)
Referees : Steve Kozari and Tom Kowal
Linesman : Tony Sericolo and Kiel Murchison
Game Note
No Game Note



Team Name Goals Shots Shots Attemp Shots Blocked PIM HIT PP PK FO%
Maple Leafs 220411812280 / 0 (0,00%244%
Devils 34510070242 / 6 (33%)056%

Maple Leafs
Player Name POS G A P +/- PIM HIT SHT SB MP PP MP PP SHT PK MP PK SHT FO% FOT
Alexander RadulovLW/RW0000210016:550:0000:00067% 3
Brendan GallagherRW0111000019:180:0000:0900% 1
Dougie HamiltonD1011062525:340:0003:5200% 0
Eric StaalC0000020017:560:0000:18019% 16
Erik KarlssonD1010014320:380:0001:3900% 0
Greg PaterynD0000040215:240:0003:0900% 0
Jaccob SlavinD0001421423:460:0001:5300% 0
Jake EvansC/RW011121009:520:0002:29030% 10
Jake GardinerD0000000013:360:0001:2100% 0
Marcus PetterssonD0000231320:390:0001:4100% 0
Max DomiC/LW011100107:230:0000:00040% 10
Michael GrabnerLW/RW000-1002012:150:0002:2300% 1
Noel AcciariC/LW0111021020:570:0002:42059% 29
Patrik LaineLW/RW0000211118:170:0001:2200% 1
Pius SuterC000-100209:520:0000:00057% 14
Rudolfs BalcersLW000-100109:520:0000:0000% 0
Taylor HallLW0001024018:570:0000:0000% 0
William CarrierLW000103009:530:0002:3000% 0
Devils
Player Name POS G A P +/- PIM HIT SHT SB MP PP MP PP SHT PK MP PK SHT FO% FOT
Adrian KempeC/LW/RW1010015115:490:0000:0000% 1
Alexander BarabanovLW0000003013:370:0000:0000% 1
Anthony DeAngeloD0000004122:533:3630:0000% 0
Chandler StephensonC/LW000-1003020:363:5200:00070% 20
Charlie McAvoyD011-1041024:003:3610:0000% 0
Jason SpezzaC/RW0110012015:490:0000:00067% 18
Jimmy VeseyLW/RW000000007:400:0000:0000% 0
Joe ThorntonC/LW000001106:580:0000:00075% 8
Joel FarabeeLW/RW0000001118:493:0000:0000% 2
Johnny BoychukD0110011017:253:1600:0000% 0
Josh AndersonLW/RW101-1067019:543:5220:0000% 2
Mason AppletonC/LW/RW0110000010:403:0000:000100% 1
Matt GrzelcykD000-1000120:240:0000:0000% 0
Michael Del ZottoD1010003221:513:1620:0000% 0
Nicolas RoyC0000064016:373:0000:00052% 27
Rickard RakellC/LW/RW011-1005119:543:5220:00020% 5
Tim StutzleLW0000035013:370:0000:0000% 0
Travis DermottD0000010013:270:0000:0000% 0

Maple Leafs

5 vs 5 Forward
Line #Left WingCenterRight WingPHYDFOFWanted %Time %Time Play
1Taylor HallNoel AcciariBrendan Gallagher0053535%18:15
2Patrik LaineEric StaalAlexander Radulov0143032%16:56
3Rudolfs BalcersPius SuterMichael Grabner0142019%9:52
4William CarrierMax DomiJake Evans0141514%7:23
5 vs 5 Defense
Line #DefenseDefensePHYDFOFWanted %Time %Time Play
1Jaccob SlavinDougie Hamilton0413534%18:03
2Marcus PetterssonErik Karlsson0233336%18:59
3Jake GardinerGreg Pateryn0502223%12:15
4Jaccob SlavinDougie Hamilton032106%3:09
Power Play Forward
Line #Left WingCenterRight WingPHYDFOFWanted %Time %Time Play
1Max DomiEric StaalBrendan Gallagher005500%0:00
2Rudolfs BalcersPius SuterAlexander Radulov005500%0:00
Power Play Defense
Line #DefenseDefensePHYDFOFWanted %Time %Time Play
1Taylor HallJake Gardiner032500%0:00
2Patrik LaineErik Karlsson032500%0:00
Penalty Kill 4 Players Forward
Line #CenterWingPHYDFOFWanted %Time %Time Play
1Noel AcciariMichael Grabner0325049%2:23
2Jake EvansWilliam Carrier0415051%2:30
Penalty Kill 4 Players Defense
Line #DefenseDefensePHYDFOFWanted %Time %Time Play
1Jaccob SlavinDougie Hamilton0505072%3:30
2Marcus PetterssonGreg Pateryn0505028%1:23
Penalty Kill 3 Players
Line #WingPHYDFOFWanted %Time %Time PlayDefenseDefensePHYDFOFWanted %Time %Time Play
1Noel Acciari0415016%0:19 Jaccob SlavinDougie Hamilton1405080%1:35
2Jake Evans0415084%1:40 Marcus PetterssonGreg Pateryn1405020%0:24
4 vs 4 Forward
Line #CenterWingPHYDFOFWanted %Time %Time Play
1Taylor HallBrendan Gallagher014500%0:00
2Max DomiPatrik Laine014500%0:00
4 vs 4 Defense
Line #DefensePHYDFOFWanted %Time %Time Play
1Jaccob SlavinDougie Hamilton041500%0:00
2Marcus PetterssonErik Karlsson041500%0:00
Last Minutes Offensive
Left WingCenterRight WingDefenseDefense
Taylor HallEric StaalBrendan GallagherErik KarlssonDougie Hamilton
Last Minutes Defensive
Left WingCenterRight WingDefenseDefense
Michael GrabnerNoel AcciariJake EvansJaccob SlavinDougie Hamilton
Time
Total ForwardTotal DefenseLast Minutes OffensiveLast Minutes Defensive
60:00 60:00 0:420:00
Extra Forwards
Normal PowerPlayPenalty Kill
Patrik Laine, Taylor Hall, Brendan GallagherAlexander Radulov, Rudolfs BalcersPatrik Laine
Extra Defensemen
Normal PowerPlayPenalty Kill
Erik Karlsson, Dougie Hamilton, Jaccob SlavinMarcus Pettersson, Jaccob SlavinGreg Pateryn
Penalty Shots
Taylor Hall, Patrik Laine, Max Domi, Alexander Radulov, Brendan Gallagher
Goalie
Juuse Saros, Aaron Dell
Custom OT Lines Forwards
Patrik Laine, Max Domi, Taylor Hall, Brendan Gallagher, Eric Staal, Alexander Radulov, Noel Acciari, Jake Evans, Pius Suter, Rudolfs Balcers
Custom OT Lines Defensemen
Dougie Hamilton, Jaccob Slavin, Erik Karlsson, Greg Pateryn, Marcus Pettersson
Scratches
Brendan Smith (Healthy), Antoine Roussel (Healthy), Ondrej Kase (Healthy)

Devils

5 vs 5 Forward
Line #Left WingCenterRight WingPHYDFOFWanted %Time %Time Play
1Rickard RakellChandler StephensonJosh Anderson1133231%16:02
2Joel FarabeeJason SpezzaAdrian Kempe0143030%15:49
3Tim StutzleNicolas RoyAlexander Barabanov0232526%13:37
4Jimmy VeseyJoe ThorntonMason Appleton1221313%6:58
5 vs 5 Defense
Line #DefenseDefensePHYDFOFWanted %Time %Time Play
1Charlie McAvoyMatt Grzelcyk0234039%20:24
2Anthony DeAngeloMichael Del Zotto0234035%18:35
3Johnny BoychukTravis Dermott2302026%13:27
4Charlie McAvoyAnthony DeAngelo12200%0:00
Power Play Forward
Line #Left WingCenterRight WingPHYDFOFWanted %Time %Time Play
1Rickard RakellChandler StephensonJosh Anderson0055556%3:52
2Mason AppletonNicolas RoyJoel Farabee0234544%3:00
Power Play Defense
Line #DefenseDefensePHYDFOFWanted %Time %Time Play
1Charlie McAvoyAnthony DeAngelo0145852%3:36
2Johnny BoychukMichael Del Zotto1224248%3:16
Penalty Kill 4 Players Forward
Line #CenterWingPHYDFOFWanted %Time %Time Play
1Chandler StephensonJimmy Vesey122550%0:00
2Jason SpezzaMason Appleton122450%0:00
Penalty Kill 4 Players Defense
Line #DefenseDefensePHYDFOFWanted %Time %Time Play
1Charlie McAvoyMatt Grzelcyk122500%0:00
2Travis DermottJohnny Boychuk122500%0:00
Penalty Kill 3 Players
Line #WingPHYDFOFWanted %Time %Time PlayDefenseDefensePHYDFOFWanted %Time %Time Play
1Chandler Stephenson122600%0:00 Charlie McAvoyJohnny Boychuk122500%0:00
2Mason Appleton122400%0:00 Matt GrzelcykTravis Dermott122500%0:00
4 vs 4 Forward
Line #CenterWingPHYDFOFWanted %Time %Time Play
1Nicolas RoyRickard Rakell122520%0:00
2Jason SpezzaJosh Anderson122480%0:00
4 vs 4 Defense
Line #DefensePHYDFOFWanted %Time %Time Play
1Charlie McAvoyMatt Grzelcyk122500%0:00
2Anthony DeAngeloJohnny Boychuk122500%0:00
Last Minutes Offensive
Left WingCenterRight WingDefenseDefense
Rickard RakellJoel FarabeeJosh AndersonCharlie McAvoyAnthony DeAngelo
Last Minutes Defensive
Left WingCenterRight WingDefenseDefense
Jimmy VeseyChandler StephensonMason AppletonCharlie McAvoyJohnny Boychuk
Time
Total ForwardTotal DefenseLast Minutes OffensiveLast Minutes Defensive
60:00 60:00 0:000:42
Extra Forwards
Normal PowerPlayPenalty Kill
Josh Anderson, Rickard Rakell, Chandler StephensonRickard Rakell, Josh AndersonMason Appleton
Extra Defensemen
Normal PowerPlayPenalty Kill
Anthony DeAngelo, Charlie McAvoy, Johnny BoychukCharlie McAvoy, Travis DermottCharlie McAvoy
Penalty Shots
Chandler Stephenson, Rickard Rakell, Nicolas Roy, Josh Anderson, Alexander Barabanov
Goalie
Braden Holtby, Alex Nedeljkovic
Custom OT Lines Forwards
Jimmy Vesey, Rickard Rakell, Nicolas Roy, Josh Anderson, Joel Farabee, Jason Spezza, Chandler Stephenson, Alexander Barabanov, Mason Appleton, Adrian Kempe
Custom OT Lines Defensemen
Charlie McAvoy, Anthony DeAngelo, Travis Dermott, Matt Grzelcyk, Johnny Boychuk
Scratches
Juho Lammikko (Healthy), Colin Miller (Healthy), Dryden Hunt (Healthy), Malcolm Subban (Healthy)


Play-by-Play

1st period


0:01 of 1st period - Noel Acciari wins face-off versus Josh Anderson in neutral zone.
0:01 of 1st period - Noel Acciari is hit by Josh Anderson.
0:05 of 1st period - Shot by Brendan Gallagher.
0:05 of 1st period - Shot Blocked by Rickard Rakell.
0:07 of 1st period - Shot by Dougie Hamilton.
0:07 of 1st period - Goal by Dougie Hamilton - Maple Leafs : 1 - Devils : 0.
0:08 of 1st period - Jason Spezza wins face-off versus Eric Staal in neutral zone.
0:08 of 1st period - Adrian Kempe is hit by Eric Staal and loses puck.
0:12 of 1st period - Adrian Kempe is hit by Alexander Radulov and loses puck.
0:23 of 1st period - Shot by Joel Farabee.
0:23 of 1st period - Shot Misses the Net.
0:25 of 1st period - Shot by Michael Del Zotto.
0:25 of 1st period - Shot Blocked by Marcus Pettersson.
0:27 of 1st period - Shot by Jason Spezza.
0:27 of 1st period - Shot Misses the Net.
0:37 of 1st period - Shot by Alexander Radulov.
0:37 of 1st period - Shot Misses the Net.
0:43 of 1st period - Shot by Adrian Kempe.
0:43 of 1st period - Stopped by Juuse Saros without a rebound.
0:44 of 1st period - Pius Suter wins face-off versus Nicolas Roy in Maple Leafs zone.
0:49 of 1st period - Pius Suter is hit by Nicolas Roy and loses puck.
0:56 of 1st period - Shot by Alexander Barabanov.
0:56 of 1st period - Shot Misses the Net.
0:58 of 1st period - Shot by Charlie McAvoy.
0:58 of 1st period - Shot Misses the Net.
1:09 of 1st period - Tim Stutzle is hit by Greg Pateryn and loses puck.
1:16 of 1st period - Shot by Alexander Barabanov.
1:16 of 1st period - Shot Misses the Net.
1:21 of 1st period - Nicolas Roy is hit by Greg Pateryn.
1:26 of 1st period - Tim Stutzle is hit by Greg Pateryn and loses puck.
2:06 of 1st period - Shot by Chandler Stephenson.
2:06 of 1st period - Shot Misses the Net.
3:29 of 1st period - Icing by Matt Grzelcyk.
3:30 of 1st period - Max Domi wins face-off versus Jason Spezza in Devils zone.
3:57 of 1st period - Shot by Erik Karlsson.
3:57 of 1st period - Stopped by Braden Holtby with a rebound.
3:59 of 1st period - Shot by Erik Karlsson.
3:59 of 1st period - Goal by Erik Karlsson - Maple Leafs : 2 - Devils : 0.
4:00 of 1st period - Chandler Stephenson wins face-off versus Eric Staal in neutral zone.
4:27 of 1st period - Shot by Josh Anderson.
4:27 of 1st period - Shot Blocked by Erik Karlsson.
4:31 of 1st period - Shot by Rickard Rakell.
4:31 of 1st period - Stopped by Juuse Saros without a rebound.
4:32 of 1st period - Noel Acciari wins face-off versus Nicolas Roy in Maple Leafs zone.
4:32 of 1st period - Noel Acciari is hit by Nicolas Roy.
4:40 of 1st period - Shot by Nicolas Roy.
4:40 of 1st period - Shot Blocked by Jaccob Slavin.
4:43 of 1st period - Tim Stutzle is hit by Dougie Hamilton and loses puck.
4:46 of 1st period - Shot by Nicolas Roy.
4:46 of 1st period - Stopped by Juuse Saros without a rebound.
4:47 of 1st period - Jason Spezza wins face-off versus Max Domi in Maple Leafs zone.
5:47 of 1st period - Shot by Anthony DeAngelo.
5:47 of 1st period - Stopped by Juuse Saros with a rebound.
5:49 of 1st period - Shot by Nicolas Roy.
5:49 of 1st period - Stopped by Juuse Saros with a rebound.
5:51 of 1st period - Shot by Nicolas Roy.
5:51 of 1st period - Shot Hit the Post.
5:53 of 1st period - Shot by Alexander Barabanov.
5:53 of 1st period - Shot Misses the Net.
5:55 of 1st period - Shot by Michael Del Zotto.
5:55 of 1st period - Stopped by Juuse Saros without a rebound.
5:56 of 1st period - Noel Acciari wins face-off versus Chandler Stephenson in Maple Leafs zone.
5:56 of 1st period - Noel Acciari is hit by Josh Anderson.
6:41 of 1st period - Erik Karlsson is hit by Josh Anderson and loses puck.
7:11 of 1st period - Shot by Nicolas Roy.
7:11 of 1st period - Shot Blocked by Greg Pateryn.
7:50 of 1st period - Shot by Jason Spezza.
7:50 of 1st period - Shot Misses the Net.
8:03 of 1st period - Adrian Kempe is hit by Greg Pateryn and loses puck.
8:39 of 1st period - Icing by Greg Pateryn.
8:40 of 1st period - Alexander Radulov wins face-off versus Chandler Stephenson in Maple Leafs zone.
9:00 of 1st period - Icing by Josh Anderson.
9:01 of 1st period - Chandler Stephenson wins face-off versus Noel Acciari in Devils zone.
9:14 of 1st period - Shot by Rickard Rakell.
9:14 of 1st period - Shot Blocked by Dougie Hamilton.
9:16 of 1st period - Shot by Josh Anderson.
9:16 of 1st period - Stopped by Juuse Saros with a rebound.
9:18 of 1st period - Shot by Chandler Stephenson.
9:18 of 1st period - Shot Misses the Net.
9:20 of 1st period - Shot by Josh Anderson.
9:20 of 1st period - Stopped by Juuse Saros without a rebound.
9:21 of 1st period - Pius Suter wins face-off versus Nicolas Roy in Maple Leafs zone.
9:38 of 1st period - Tim Stutzle is hit by Erik Karlsson and loses puck.
9:41 of 1st period - Shot by Nicolas Roy.
9:41 of 1st period - Stopped by Juuse Saros without a rebound.
9:41 of 1st period - Minor Penalty to Marcus Pettersson for Tripping.
9:42 of 1st period - Chandler Stephenson wins face-off versus Jake Evans in Maple Leafs zone.
9:53 of 1st period - Shot by Anthony DeAngelo.
9:53 of 1st period - Stopped by Juuse Saros without a rebound.
9:54 of 1st period - Jake Evans wins face-off versus Nicolas Roy in Maple Leafs zone.
10:27 of 1st period - Shot by Nicolas Roy.
10:27 of 1st period - Shot Blocked by Greg Pateryn.
10:29 of 1st period - Shot by Nicolas Roy.
10:29 of 1st period - Shot Misses the Net.
10:59 of 1st period - Shot by Rickard Rakell.
10:59 of 1st period - Stopped by Juuse Saros without a rebound.
11:00 of 1st period - Chandler Stephenson wins face-off versus Jake Evans in Maple Leafs zone.
11:34 of 1st period - Shot by Josh Anderson.
11:34 of 1st period - Stopped by Juuse Saros without a rebound.
11:35 of 1st period - Noel Acciari wins face-off versus Nicolas Roy in Maple Leafs zone.
11:52 of 1st period - Shot by Adrian Kempe.
11:52 of 1st period - Stopped by Juuse Saros without a rebound.
11:53 of 1st period - Nicolas Roy wins face-off versus Noel Acciari in Maple Leafs zone.
11:58 of 1st period - Shot by Nicolas Roy.
11:58 of 1st period - Shot Misses the Net.
13:09 of 1st period - Chandler Stephenson is hit by Marcus Pettersson and loses puck.
15:07 of 1st period - Shot by Pius Suter.
15:07 of 1st period - Stopped by Braden Holtby with a rebound.
16:23 of 1st period - Johnny Boychuk is hit by Taylor Hall and loses puck.
16:27 of 1st period - Jason Spezza is hit by Noel Acciari and loses puck.
16:31 of 1st period - Johnny Boychuk is hit by Marcus Pettersson.
16:55 of 1st period - Shot by Patrik Laine.
16:55 of 1st period - Stopped by Braden Holtby without a rebound.
16:56 of 1st period - Pius Suter wins face-off versus Nicolas Roy in Devils zone.
17:56 of 1st period - Marcus Pettersson is hit by Tim Stutzle.
18:16 of 1st period - Shot by Patrik Laine.
18:16 of 1st period - Shot Misses the Net.
18:48 of 1st period - Shot by Rickard Rakell.
18:48 of 1st period - Deflect By Josh Anderson.
18:48 of 1st period - Shot Misses the Net.
18:50 of 1st period - Shot by Rickard Rakell.
18:50 of 1st period - Deflect By Chandler Stephenson.
18:50 of 1st period - Stopped by Juuse Saros with a rebound.
18:52 of 1st period - Shot by Josh Anderson.
18:52 of 1st period - Shot Misses the Net.
18:54 of 1st period - Shot by Rickard Rakell.
18:54 of 1st period - Shot Misses the Net.
18:56 of 1st period - Shot by Chandler Stephenson.
18:56 of 1st period - Stopped by Juuse Saros without a rebound.
18:57 of 1st period - Noel Acciari wins face-off versus Jason Spezza in Maple Leafs zone.
Goals for this period are 2 for Maple Leafs vs 0 for Devils.
Shots for this period are 5 for Maple Leafs vs 15 for Devils.

2nd period


0:01 of 2nd period - Chandler Stephenson wins face-off versus Noel Acciari in neutral zone.
0:35 of 2nd period - Shot by Noel Acciari.
0:35 of 2nd period - Shot Misses the Net.
0:43 of 2nd period - Shot by Chandler Stephenson.
0:43 of 2nd period - Deflect By Rickard Rakell.
0:43 of 2nd period - Stopped by Juuse Saros without a rebound.
0:44 of 2nd period - Jason Spezza wins face-off versus Eric Staal in Maple Leafs zone.
1:11 of 2nd period - Shot by Joel Farabee.
1:11 of 2nd period - Stopped by Juuse Saros without a rebound.
1:12 of 2nd period - Max Domi wins face-off versus Joe Thornton in Maple Leafs zone.
1:16 of 2nd period - Jake Gardiner is hit by Johnny Boychuk and loses puck.
1:52 of 2nd period - Johnny Boychuk is hit by William Carrier and loses puck.
2:54 of 2nd period - Icing by Charlie McAvoy.
2:55 of 2nd period - Chandler Stephenson wins face-off versus Eric Staal in Devils zone.
2:55 of 2nd period - Chandler Stephenson is hit by Eric Staal.
3:04 of 2nd period - Rickard Rakell is hit by Marcus Pettersson and loses puck.
3:32 of 2nd period - Shot by Tim Stutzle.
3:32 of 2nd period - Stopped by Juuse Saros with a rebound.
3:34 of 2nd period - Shot by Tim Stutzle.
3:34 of 2nd period - Shot Blocked by Erik Karlsson.
4:18 of 2nd period - Shot by Joel Farabee.
4:18 of 2nd period - Shot Misses the Net.
4:30 of 2nd period - Minor Penalty to Patrik Laine for Hooking.
4:31 of 2nd period - Jake Evans wins face-off versus Rickard Rakell in Maple Leafs zone.
4:54 of 2nd period - Shot by Charlie McAvoy.
4:54 of 2nd period - Shot Misses the Net.
4:56 of 2nd period - Shot by Rickard Rakell.
4:56 of 2nd period - Deflect By Josh Anderson.
4:56 of 2nd period - Shot Blocked by Jaccob Slavin.
4:58 of 2nd period - Shot by Josh Anderson.
4:58 of 2nd period - Goal by Josh Anderson - Maple Leafs : 2 - Devils : 1.
4:59 of 2nd period - Joe Thornton wins face-off versus Max Domi in neutral zone.
5:36 of 2nd period - Icing by Johnny Boychuk.
5:37 of 2nd period - Mason Appleton wins face-off versus Brendan Gallagher in Devils zone.
5:37 of 2nd period - Mason Appleton is hit by Noel Acciari.
5:40 of 2nd period - Icing by Joe Thornton.
5:41 of 2nd period - Joe Thornton wins face-off versus Noel Acciari in Devils zone.
5:45 of 2nd period - Travis Dermott is hit by Dougie Hamilton.
6:06 of 2nd period - Shot by Taylor Hall.
6:06 of 2nd period - Shot Misses the Net.
6:14 of 2nd period - Jimmy Vesey is hit by Taylor Hall and loses puck.
6:19 of 2nd period - Shot by Taylor Hall.
6:19 of 2nd period - Stopped by Braden Holtby without a rebound.
6:20 of 2nd period - Chandler Stephenson wins face-off versus Pius Suter in Devils zone.
6:41 of 2nd period - Pius Suter is hit by Charlie McAvoy and loses puck.
7:24 of 2nd period - Icing by Jason Spezza.
7:25 of 2nd period - Jason Spezza wins face-off versus Noel Acciari in Devils zone.
7:31 of 2nd period - Off-side.
7:32 of 2nd period - Nicolas Roy wins face-off versus Noel Acciari in neutral zone.
8:00 of 2nd period - Icing by Taylor Hall.
8:01 of 2nd period - Noel Acciari wins face-off versus Joel Farabee in Maple Leafs zone.
8:06 of 2nd period - Shot by Taylor Hall.
8:06 of 2nd period - Stopped by Braden Holtby without a rebound.
8:07 of 2nd period - Jason Spezza wins face-off versus Eric Staal in Devils zone.
8:20 of 2nd period - Shot by Joel Farabee.
8:20 of 2nd period - Shot Misses the Net.
8:41 of 2nd period - Shot by Adrian Kempe.
8:41 of 2nd period - Shot Blocked by Patrik Laine.
9:24 of 2nd period - Noel Acciari is hit by Adrian Kempe.
10:03 of 2nd period - Icing by Josh Anderson.
10:04 of 2nd period - Chandler Stephenson wins face-off versus Max Domi in Devils zone.
10:09 of 2nd period - Shot by Josh Anderson.
10:09 of 2nd period - Stopped by Juuse Saros without a rebound.
10:10 of 2nd period - Alexander Radulov wins face-off versus Nicolas Roy in Maple Leafs zone.
10:35 of 2nd period - Off-side.
10:36 of 2nd period - Pius Suter wins face-off versus Rickard Rakell in neutral zone.
11:01 of 2nd period - Shot by Rickard Rakell.
11:01 of 2nd period - Stopped by Juuse Saros without a rebound.
11:02 of 2nd period - Noel Acciari wins face-off versus Nicolas Roy in Maple Leafs zone.
11:02 of 2nd period - Noel Acciari is hit by Tim Stutzle.
11:08 of 2nd period - Shot by Charlie McAvoy.
11:08 of 2nd period - Deflect By Alexander Barabanov.
11:08 of 2nd period - Stopped by Juuse Saros without a rebound.
11:09 of 2nd period - Nicolas Roy wins face-off versus Noel Acciari in Maple Leafs zone.
11:09 of 2nd period - Matt Grzelcyk is hit by Dougie Hamilton and loses puck.
11:12 of 2nd period - Shot by Nicolas Roy.
11:12 of 2nd period - Shot Misses the Net.
11:14 of 2nd period - Shot by Nicolas Roy.
11:14 of 2nd period - Stopped by Juuse Saros without a rebound.
11:15 of 2nd period - Nicolas Roy wins face-off versus Noel Acciari in Maple Leafs zone.
11:18 of 2nd period - Shot by Alexander Barabanov.
11:18 of 2nd period - Stopped by Juuse Saros without a rebound.
11:19 of 2nd period - Noel Acciari wins face-off versus Rickard Rakell in Maple Leafs zone.
11:43 of 2nd period - Icing by Anthony DeAngelo.
11:44 of 2nd period - Chandler Stephenson wins face-off versus Eric Staal in Devils zone.
12:27 of 2nd period - Shot by Patrik Laine.
12:27 of 2nd period - Shot Blocked by Anthony DeAngelo.
12:52 of 2nd period - Jaccob Slavin is hit by Charlie McAvoy and loses puck.
13:00 of 2nd period - Taylor Hall is hit by Charlie McAvoy and loses puck.
13:06 of 2nd period - Off-side.
13:07 of 2nd period - Pius Suter wins face-off versus Jason Spezza in neutral zone.
13:12 of 2nd period - Shot by Michael Grabner.
13:12 of 2nd period - Stopped by Braden Holtby without a rebound.
13:13 of 2nd period - Pius Suter wins face-off versus Jason Spezza in Devils zone.
13:26 of 2nd period - Shot by Rudolfs Balcers.
13:26 of 2nd period - Stopped by Braden Holtby without a rebound.
13:27 of 2nd period - Noel Acciari wins face-off versus Nicolas Roy in Devils zone.
13:45 of 2nd period - Dougie Hamilton is hit by Tim Stutzle and loses puck.
13:49 of 2nd period - Noel Acciari is hit by Nicolas Roy and loses puck.
13:53 of 2nd period - Jaccob Slavin is hit by Travis Dermott and loses puck.
13:59 of 2nd period - Icing by Johnny Boychuk.
14:00 of 2nd period - Nicolas Roy wins face-off versus Michael Grabner in Devils zone.
14:02 of 2nd period - Icing by Alexander Barabanov.
14:03 of 2nd period - Nicolas Roy wins face-off versus Eric Staal in Devils zone.
14:03 of 2nd period - Nicolas Roy is hit by Patrik Laine.
15:13 of 2nd period - Shot by Adrian Kempe.
15:13 of 2nd period - Shot Misses the Net.
15:17 of 2nd period - Shot by Jason Spezza.
15:17 of 2nd period - Shot Blocked by Marcus Pettersson.
15:44 of 2nd period - Shot by Michael Grabner.
15:44 of 2nd period - Stopped by Braden Holtby without a rebound.
15:45 of 2nd period - Joe Thornton wins face-off versus Noel Acciari in Devils zone.
16:00 of 2nd period - Shot by Taylor Hall.
16:00 of 2nd period - Stopped by Braden Holtby with a rebound.
16:02 of 2nd period - Shot by Noel Acciari.
16:02 of 2nd period - Deflect By Taylor Hall.
16:02 of 2nd period - Shot Misses the Net.
16:04 of 2nd period - Shot by Dougie Hamilton.
16:04 of 2nd period - Stopped by Braden Holtby without a rebound.
16:05 of 2nd period - Chandler Stephenson wins face-off versus Pius Suter in Devils zone.
16:47 of 2nd period - Off-side.
16:48 of 2nd period - Noel Acciari wins face-off versus Jason Spezza in neutral zone.
16:51 of 2nd period - Shot by Dougie Hamilton.
16:51 of 2nd period - Shot Misses the Net.
17:06 of 2nd period - Taylor Hall is hit by Charlie McAvoy and loses puck.
17:15 of 2nd period - Shot by Noel Acciari.
17:15 of 2nd period - Shot Blocked by Matt Grzelcyk.
17:17 of 2nd period - Shot by Brendan Gallagher.
17:17 of 2nd period - Shot Blocked by Adrian Kempe.
17:19 of 2nd period - Shot by Brendan Gallagher.
17:19 of 2nd period - Shot Misses the Net.
17:21 of 2nd period - Shot by Noel Acciari.
17:21 of 2nd period - Stopped by Braden Holtby without a rebound.
17:22 of 2nd period - Nicolas Roy wins face-off versus Jake Evans in Devils zone.
17:33 of 2nd period - Shot by Alexander Barabanov.
17:33 of 2nd period - Deflect By Tim Stutzle.
17:33 of 2nd period - Stopped by Juuse Saros without a rebound.
17:34 of 2nd period - Pius Suter wins face-off versus Chandler Stephenson in Maple Leafs zone.
17:44 of 2nd period - Shot by Michael Grabner.
17:44 of 2nd period - Shot Blocked by Michael Del Zotto.
17:48 of 2nd period - Shot by Rudolfs Balcers.
17:48 of 2nd period - Shot Misses the Net.
18:16 of 2nd period - Shot by Pius Suter.
18:16 of 2nd period - Stopped by Braden Holtby without a rebound.
18:17 of 2nd period - Jason Spezza wins face-off versus Max Domi in Devils zone.
18:17 of 2nd period - Joel Farabee is hit by William Carrier.
18:26 of 2nd period - Icing by Jaccob Slavin.
18:27 of 2nd period - Nicolas Roy wins face-off versus Max Domi in Maple Leafs zone.
18:48 of 2nd period - Shot by Nicolas Roy.
18:48 of 2nd period - Deflect By Alexander Barabanov.
18:48 of 2nd period - Stopped by Juuse Saros without a rebound.
18:49 of 2nd period - Noel Acciari wins face-off versus Jason Spezza in Maple Leafs zone.
18:49 of 2nd period - Noel Acciari is hit by Jason Spezza.
19:07 of 2nd period - Shot by Taylor Hall.
19:07 of 2nd period - Shot Blocked by Michael Del Zotto.
19:09 of 2nd period - Shot by Erik Karlsson.
19:09 of 2nd period - Stopped by Braden Holtby without a rebound.
19:10 of 2nd period - Nicolas Roy wins face-off versus Eric Staal in Devils zone.
19:26 of 2nd period - Off-side.
19:27 of 2nd period - Jason Spezza wins face-off versus Noel Acciari in neutral zone.
Goals for this period are 0 for Maple Leafs vs 1 for Devils.
Shots for this period are 10 for Maple Leafs vs 11 for Devils.

3rd period


0:01 of 3rd period - Max Domi wins face-off versus Nicolas Roy in neutral zone.
0:01 of 3rd period - Max Domi is hit by Nicolas Roy.
0:09 of 3rd period - Charlie McAvoy is hit by Jake Evans and loses puck.
0:16 of 3rd period - Shot by Tim Stutzle.
0:16 of 3rd period - Stopped by Juuse Saros with a rebound.
0:18 of 3rd period - Shot by Nicolas Roy.
0:18 of 3rd period - Shot Misses the Net.
0:44 of 3rd period - Shot by Tim Stutzle.
0:44 of 3rd period - Stopped by Juuse Saros without a rebound.
0:45 of 3rd period - Jason Spezza wins face-off versus Noel Acciari in Maple Leafs zone.
0:46 of 3rd period - Shot by Adrian Kempe.
0:46 of 3rd period - Stopped by Juuse Saros without a rebound.
0:47 of 3rd period - Noel Acciari wins face-off versus Adrian Kempe in Maple Leafs zone.
1:30 of 3rd period - Shot by Adrian Kempe.
1:30 of 3rd period - Stopped by Juuse Saros without a rebound.
1:31 of 3rd period - Eric Staal wins face-off versus Rickard Rakell in Maple Leafs zone.
1:31 of 3rd period - Eric Staal is hit by Josh Anderson.
1:53 of 3rd period - Shot by Dougie Hamilton.
1:53 of 3rd period - Shot Misses the Net.
1:55 of 3rd period - Shot by Eric Staal.
1:55 of 3rd period - Shot Misses the Net.
1:57 of 3rd period - Shot by Jaccob Slavin.
1:57 of 3rd period - Stopped by Braden Holtby with a rebound.
2:09 of 3rd period - Shot by Dougie Hamilton.
2:09 of 3rd period - Shot Misses the Net.
2:11 of 3rd period - Shot by Eric Staal.
2:11 of 3rd period - Shot Misses the Net.
2:45 of 3rd period - Icing by Dougie Hamilton.
2:46 of 3rd period - Jason Spezza wins face-off versus Eric Staal in Maple Leafs zone.
2:46 of 3rd period - Anthony DeAngelo is hit by Dougie Hamilton and loses puck.
3:02 of 3rd period - Off-side.
3:03 of 3rd period - Noel Acciari wins face-off versus Nicolas Roy in neutral zone.
3:20 of 3rd period - Shot by Tim Stutzle.
3:20 of 3rd period - Shot Misses the Net.
3:26 of 3rd period - Shot by Nicolas Roy.
3:26 of 3rd period - Shot Misses the Net.
3:28 of 3rd period - Shot by Johnny Boychuk.
3:28 of 3rd period - Stopped by Juuse Saros without a rebound.
3:29 of 3rd period - Chandler Stephenson wins face-off versus Pius Suter in Maple Leafs zone.
3:36 of 3rd period - Shot by Josh Anderson.
3:36 of 3rd period - Stopped by Juuse Saros without a rebound.
3:37 of 3rd period - Jason Spezza wins face-off versus Pius Suter in Maple Leafs zone.
3:38 of 3rd period - Shot by Adrian Kempe.
3:38 of 3rd period - Goal by Adrian Kempe - Maple Leafs : 2 - Devils : 2.
3:39 of 3rd period - Jason Spezza wins face-off versus Pius Suter in neutral zone.
3:52 of 3rd period - Shot by Joel Farabee.
3:52 of 3rd period - Shot Misses the Net.
4:04 of 3rd period - Shot by Pius Suter.
4:04 of 3rd period - Shot Blocked by Joel Farabee.
4:06 of 3rd period - Shot by Erik Karlsson.
4:06 of 3rd period - Stopped by Braden Holtby without a rebound.
4:07 of 3rd period - Noel Acciari wins face-off versus Chandler Stephenson in Devils zone.
4:10 of 3rd period - Shot by Taylor Hall.
4:10 of 3rd period - Stopped by Braden Holtby with a rebound.
4:37 of 3rd period - Icing by Jaccob Slavin.
4:38 of 3rd period - Noel Acciari wins face-off versus Nicolas Roy in Maple Leafs zone.
4:49 of 3rd period - Shot by Noel Acciari.
4:49 of 3rd period - Shot Misses the Net.
5:07 of 3rd period - Shot by Alexander Barabanov.
5:07 of 3rd period - Shot Misses the Net.
5:16 of 3rd period - Dougie Hamilton is hit by Nicolas Roy and loses puck.
5:44 of 3rd period - Shot by Adrian Kempe.
5:44 of 3rd period - Shot Blocked by Jaccob Slavin.
6:06 of 3rd period - Shot by Adrian Kempe.
6:06 of 3rd period - Shot Misses the Net.
6:20 of 3rd period - Off-side.
6:21 of 3rd period - Eric Staal wins face-off versus Chandler Stephenson in neutral zone.
6:32 of 3rd period - Shot by Josh Anderson.
6:32 of 3rd period - Stopped by Juuse Saros with a rebound.
6:34 of 3rd period - Shot by Chandler Stephenson.
6:34 of 3rd period - Stopped by Juuse Saros without a rebound.
6:35 of 3rd period - Joe Thornton wins face-off versus Max Domi in Maple Leafs zone.
6:54 of 3rd period - Off-side.
6:55 of 3rd period - Chandler Stephenson wins face-off versus Pius Suter in neutral zone.
7:29 of 3rd period - Off-side.
7:30 of 3rd period - Nicolas Roy wins face-off versus Patrik Laine in neutral zone.
7:39 of 3rd period - Shot by Tim Stutzle.
7:39 of 3rd period - Stopped by Juuse Saros without a rebound.
7:40 of 3rd period - Max Domi wins face-off versus Joe Thornton in Maple Leafs zone.
7:40 of 3rd period - Max Domi is hit by Joe Thornton.
8:02 of 3rd period - Shot by Max Domi.
8:02 of 3rd period - Stopped by Braden Holtby without a rebound.
8:03 of 3rd period - Eric Staal wins face-off versus Chandler Stephenson in Devils zone.
8:08 of 3rd period - Shot by Marcus Pettersson.
8:08 of 3rd period - Shot Misses the Net.
8:10 of 3rd period - Shot by Marcus Pettersson.
8:10 of 3rd period - Stopped by Braden Holtby without a rebound.
8:11 of 3rd period - Nicolas Roy wins face-off versus Alexander Radulov in Devils zone.
8:15 of 3rd period - Minor Penalty to Alexander Radulov for Hooking.
8:16 of 3rd period - Rickard Rakell wins face-off versus Jake Evans in Maple Leafs zone.
8:33 of 3rd period - Shot by Anthony DeAngelo.
8:33 of 3rd period - Stopped by Juuse Saros without a rebound.
8:34 of 3rd period - Nicolas Roy wins face-off versus Jake Evans in Maple Leafs zone.
8:41 of 3rd period - Shot by Michael Del Zotto.
8:41 of 3rd period - Goal by Michael Del Zotto - Maple Leafs : 2 - Devils : 3.
8:42 of 3rd period - Jason Spezza wins face-off versus Eric Staal in neutral zone.
8:49 of 3rd period - Shot by Jason Spezza.
8:49 of 3rd period - Stopped by Juuse Saros without a rebound.
8:50 of 3rd period - Chandler Stephenson wins face-off versus Eric Staal in Maple Leafs zone.
9:02 of 3rd period - Chandler Stephenson is hit by Dougie Hamilton and loses puck.
9:08 of 3rd period - Rickard Rakell is hit by Jaccob Slavin and loses puck.
9:51 of 3rd period - Joel Farabee is hit by Dougie Hamilton and loses puck.
9:52 of 3rd period - Double Minor Penalty to Jaccob Slavin for Roughing.
9:53 of 3rd period - Jake Evans wins face-off versus Joel Farabee in Maple Leafs zone.
10:01 of 3rd period - Icing by Joel Farabee.
10:02 of 3rd period - Nicolas Roy wins face-off versus Jake Evans in Devils zone.
10:02 of 3rd period - Nicolas Roy is hit by William Carrier.
10:05 of 3rd period - Minor Penalty to Jake Evans for Roughing.
10:06 of 3rd period - Noel Acciari wins face-off versus Nicolas Roy in Maple Leafs zone.
10:21 of 3rd period - Shot by Anthony DeAngelo.
10:21 of 3rd period - Shot Misses the Net.
10:23 of 3rd period - Shot by Anthony DeAngelo.
10:23 of 3rd period - Shot Blocked by Marcus Pettersson.
10:29 of 3rd period - Shot by Charlie McAvoy.
10:29 of 3rd period - Stopped by Juuse Saros without a rebound.
10:30 of 3rd period - Noel Acciari wins face-off versus Josh Anderson in Maple Leafs zone.
10:45 of 3rd period - Dougie Hamilton is hit by Josh Anderson and loses puck.
10:56 of 3rd period - Shot by Rickard Rakell.
10:56 of 3rd period - Shot Misses the Net.
10:58 of 3rd period - Shot by Michael Del Zotto.
10:58 of 3rd period - Shot Blocked by Dougie Hamilton.
11:00 of 3rd period - Shot by Michael Del Zotto.
11:00 of 3rd period - Shot Blocked by Dougie Hamilton.
11:02 of 3rd period - Shot by Michael Del Zotto.
11:02 of 3rd period - Shot Blocked by Dougie Hamilton.
11:10 of 3rd period - Shot by Rickard Rakell.
11:10 of 3rd period - Stopped by Juuse Saros with a rebound.
11:41 of 3rd period - Shot by Anthony DeAngelo.
11:41 of 3rd period - Stopped by Juuse Saros with a rebound.
12:23 of 3rd period - Shot by Chandler Stephenson.
12:23 of 3rd period - Shot Misses the Net.
12:25 of 3rd period - Shot by Michael Del Zotto.
12:25 of 3rd period - Stopped by Juuse Saros without a rebound.
12:26 of 3rd period - Nicolas Roy wins face-off versus Jake Evans in Maple Leafs zone.
13:26 of 3rd period - Shot by Johnny Boychuk.
13:26 of 3rd period - Shot Blocked by Dougie Hamilton.
13:50 of 3rd period - William Carrier is hit by Josh Anderson and loses puck.
14:01 of 3rd period - Shot by Charlie McAvoy.
14:01 of 3rd period - Shot Misses the Net.
14:03 of 3rd period - Shot by Jason Spezza.
14:03 of 3rd period - Stopped by Juuse Saros without a rebound.
14:04 of 3rd period - Joe Thornton wins face-off versus Eric Staal in Maple Leafs zone.
14:35 of 3rd period - Shot by Mason Appleton.
14:35 of 3rd period - Deflect By Joe Thornton.
14:35 of 3rd period - Shot Blocked by Jaccob Slavin.
15:04 of 3rd period - Shot by Alexander Barabanov.
15:04 of 3rd period - Shot Misses the Net.
15:06 of 3rd period - Shot by Nicolas Roy.
15:06 of 3rd period - Shot Misses the Net.
15:08 of 3rd period - Shot by Alexander Barabanov.
15:08 of 3rd period - Shot Misses the Net.
15:10 of 3rd period - Shot by Alexander Barabanov.
15:10 of 3rd period - Shot Misses the Net.
16:15 of 3rd period - Shot by Chandler Stephenson.
16:15 of 3rd period - Shot Misses the Net.
16:23 of 3rd period - Shot by Chandler Stephenson.
16:23 of 3rd period - Shot Blocked by Erik Karlsson.
16:28 of 3rd period - Icing by Erik Karlsson.
16:29 of 3rd period - Joe Thornton wins face-off versus Noel Acciari in Maple Leafs zone.
16:55 of 3rd period - Shot by Mason Appleton.
16:55 of 3rd period - Shot Misses the Net.
16:57 of 3rd period - Shot by Mason Appleton.
16:57 of 3rd period - Shot Misses the Net.
16:59 of 3rd period - Shot by Joe Thornton.
16:59 of 3rd period - Stopped by Juuse Saros without a rebound.
17:00 of 3rd period - Pius Suter wins face-off versus Alexander Barabanov in Maple Leafs zone.
17:52 of 3rd period - Charlie McAvoy is hit by Jaccob Slavin and loses puck.
17:59 of 3rd period - Jake Evans is hit by Nicolas Roy.
19:17 of 3rd period - Off-side.
19:18 of 3rd period - Chandler Stephenson wins face-off versus Eric Staal in neutral zone.
19:53 of 3rd period - Maple Leafs, Juuse Saros is pulled from the net.
Goals for this period are 0 for Maple Leafs vs 2 for Devils.
Shots for this period are 5 for Maple Leafs vs 19 for Devils.